 Dungeon Crawl Stone Soup version 0.32-a0-711-g016ad743e0 (webtiles) character file.

Game seed: 9951208787303755863

4391 Newt the Protected (level 10, -2/68 HPs)
             Began as a Gargoyle Fighter on Mar 15, 2024.
             Was a Follower of Okawaru.
             Slain by a wight
             ... wielding a +3 battleaxe
              (18 damage)
             ... on level 9 of the Dungeon.
             The game lasted 00:09:26 (9369 turns).

Newt the Protected (Gargoyle Fighter)               Turns: 9369, Time: 00:09:27

Health: -2/68      AC:  0    Str: 23    XL:     10   Next: 35%
Magic:  10/10      EV: 12    Int: 10    God:    Okawaru [*.....]
Gold:   307        SH:  0    Dex:  9    Spells: 9/9 levels left

rFire   . . .        a - melded +1 flail
rCold   . . .        c - melded +0 buckler
rNeg    + . .        G - melded +4 scale mail "Opnalau" {rElec rCorr Str+4 Dex+3}
rPois   ∞            y - melded +0 helmet
rElec   .            (cloak currently unavailable)
rCorr   .            I - melded +0 pair of gloves of Leaves {rC+}
SInv    .            K - melded +2 pair of boots {Fly}
Will    .....        (no amulet)
Stlth   +            m - melded ring of resist corrosion
HPRegen 0.31/turn    (ring currently unavailable)
MPRegen 0.12/turn

%: no passive effects
@: pig-form (expiring), hasted, very quick
A: fast, no casting, sickness immunity, AC +7, small, negative energy resistance
1, (electricity resistance), torment resistance 1, petrification resistance,
screaming 1, MP-powered wands
a: Renounce Religion, Heroism


You were on level 9 of the Dungeon.
You worshipped Okawaru.
Okawaru was aware of your devotion.
You were a filthy swine.
You visited 2 branches of the dungeon, and saw 10 of its levels.
You also visited: Ossuary and Bailey.

You collected 600 gold pieces.
You spent 293 gold pieces at shops.

Inventory:

Hand Weapons
 a - a +1 flail (melded)
Missiles
 J - 3 throwing nets (quivered)
Armour
 b - a +0 scale mail
 c - a +0 buckler (melded)
 l - a +0 pair of boots
 o - a +4 plate armour of cold resistance
 w - a +4 ring mail
 y - a +0 helmet (melded)
 G - the +4 scale mail "Opnalau" (melded) {rElec rCorr Str+4 Dex+3}
   (You found it in a bailey)

   Str+4:     It affects your strength (+4).
   Dex+3:     It affects your dexterity (+3).
   rElec:     It insulates you from electricity.
   rCorr:     It protects you from acid and corrosion.
 I - the +0 pair of gloves of Leaves (melded) {rC+}
   (You found it on level 7 of the Dungeon)

   rC+:       It protects you from cold.
 K - a +2 pair of boots of flying (melded)
Jewellery
 m - a ring of resist corrosion (melded)
Wands
 x - a wand of digging (4)
 D - a wand of charming (15)
 L - a wand of flame (8)
Scrolls
 e - 2 scrolls of poison
 f - 2 scrolls of vulnerability
 h - 2 scrolls of immolation
 j - a scroll of enchant weapon
 k - a scroll of silence
 r - 2 scrolls of enchant armour
 v - a scroll of fear
 A - a scroll of amnesia {unknown}
 F - a scroll of fog
 H - 2 scrolls of revelation
Potions
 d - 2 potions of might
 g - a potion of lignification
 i - a potion of brilliance
 n - a potion of heal wounds
 s - a potion of mutation
 u - a potion of enlightenment {unknown}
 z - 3 potions of ambrosia {unknown}
 B - 3 potions of magic {unknown}
 C - 2 potions of berserk rage {unknown}
 E - a potion of attraction {unknown}


   Skills:
 + Level 10.0 Fighting
 - Level 6.1 Maces & Flails
 - Level 10.6 Armour
 * Level 6.5 Shields


You had 9 spell levels left.
You didn't know any spells.
Your spell library contained the following spells:

 Spells                   Type           Power      Damage    Failure   Level
 Sandblast                Erth           0%         2d4       36%         1
 Sting                    Conj/Alch      0%         1d3       36%         1
 Mercury Vapours          Alch/Air       0%         N/A       50%         2
 Gell's Gravitas          Tloc           0%         N/A       75%         3
 Stone Arrow              Conj/Erth      0%         3d7       75%         3
 Teleport Other           Tloc           0%         N/A       75%         3
 Brom's Barrelling Bould  Conj/Erth      0%         2d3       98%         4
 Olgreb's Toxic Radiance  Alch           0%         N/A       98%         4
 Dispersal                Tloc           0%         N/A       100%        6


Dungeon Overview and Level Annotations

Branches:
Dungeon (9/15)             Temple (1/1) D:6         Ossuary (visited)
 Bailey (visited)
   Lair: D:8-11         Orc: D:9-12

Altars:
Ashenzari
Dithmenos
Elyvilon
Fedhas
Gozag
Hepliaklqana
Kikubaaqudgha
Makhleb
Nemelex Xobeh
Okawaru
Ru
Sif Muna
Trog
Uskayaw
Vehumet
Wu Jian
Xom
Yredelemnul
Zin
The Shining One

Shops:
D:1 *   D:5 :

Annotations:
D:8 Psyche


Innate Abilities, Weirdness & Mutations

You are a filthy swine.
You move quickly.
Your equipment is almost entirely melded.
You are incapable of wielding weapons or throwing items.
You cannot cast spells.
You are immune to sickness and miasma.
((Your stone body is resilient. (AC +7)))
You are immune to poison.
You resist negative energy. (rN+)
((You are resistant to electric shocks. (rElec)))
You are resistant to unholy torment.
You are immune to petrification.
You occasionally shout uncontrollably at your foes.
You expend magic power (3 MP) to strengthen your wands.


Message History

A black bear comes into view.
Unknown command.
Something completely misses the plant.
The black bear bites you.
* * * LOW HITPOINT WARNING * * *
The black bear barely misses you. x2
Unknown command.
A nearby fungus withers and dies. x2; A nearby plant withers and dies.
The black bear bites the fungus.
The fungus begins to die.
The black bear claws the fungus. x2
Unknown command.
Your transformation is almost over.
The bullfrog barely misses you. The water moccasin closely misses you.
Unknown command.
Your surroundings suddenly seem different. 4 wights come into view.
A wight is wielding a +0 dire flail of protection.
You squeal at the wight!
You hear a shout! x3
The wight hits you with a +0 long sword!
* * * LOW HITPOINT WARNING * * *
Something unseen opens the door.
An orc wizard comes into view. It is wielding a +1 dagger of pain.
Unknown command.
You feel much better.
The orc wizard casts a spell.
The orc wizard flickers and vanishes!
Deactivating autopickup; reactivate with Ctrl-A.
Okay, then.
Okay, then.
Unknown command.
You feel much better. The wight barely misses you.
The wight hits you with a +0 dire flail of protection!!
An orc comes into view. It is wielding a +0 flail.
You feel yourself speed up.
The wight hits you with a +0 dire flail of protection!
* * * LOW HITPOINT WARNING * * *
The wight barely misses you.
An orc wizard comes into view. It is wielding a +0 dagger.
The wight hits you with a +3 battleaxe!!
You die...

#########
#hz......
#zz......
#z.......
#........
#........
#........


oo....... # #........ # You could see 4 wights, an orc wizard and an orc.

Vanquished Creatures
  Joseph (D:7)
  A gargoyle (Bailey)
  A vampire (Bailey)
  4 water moccasins
  2 black bears
  An orc warrior (D:6)
  An ice beast (D:5)
  2 ogres (D:7)
  3 phantoms
  2 bullfrogs
  6 water moccasin zombies (Ossuary)
  4 scorpions
  2 burial acolytes
  3 killer bees (D:7)
  9 vampire bats (Bailey)
  2 howler monkeys
  3 wolf zombies (Bailey)
  A bombardier beetle (D:5)
  6 hounds
  A gnoll bouda (D:7)
  An orc priest (D:4)
  Jessica (D:2)
  2 iguanas
  4 orc wizards
  A bullfrog simulacrum (Ossuary)
  2 crocodile zombies (Ossuary)
  2 mummies (Ossuary)
  10 gnolls
  9 adders
  2 shadow imps (D:6)
  A white imp (D:5)
  8 adder zombies
  3 dart slugs
  2 ribbon worms (D:2)
  17 orcs
  5 ball pythons
  6 bats
  4 endoplasms
  2 giant cockroaches
  16 gnoll zombies
  6 goblins
  2 hobgoblins
  6 jackals
  3 frilled lizards
  3 jackal zombies (Ossuary)
  6 kobolds
  3 kobold zombies (D:6)
  28 orc zombies
  6 rats
216 creatures vanquished.

Notes
Turn   | Place    | Note
-------+----------+-------------------------------------------
     0 | D:1      | Newt the Gargoyle Fighter began the quest for the Orb.
     0 | D:1      | Reached XP level 1. HP: 14/14 MP: 1/1
   138 | D:1      | Reached XP level 2. HP: 16/19 MP: 2/2
   458 | D:1      | Found Ibic's Assorted Antiques.
   463 | D:1      | Reached XP level 3. HP: 15/24 MP: 3/3
   519 | D:1      | Bought a scroll labelled DIFAGO QI SEV for 18 gold pieces
   519 | D:1      | Bought a scroll labelled DOETEABB TIACAI for 18 gold pieces
   811 | D:2      | You fall into a shaft and drop 1 floor!
   845 | D:3      | Found a glowing golden altar of the Shining One.
   855 | D:3      | Found a radiant altar of Vehumet.
   935 | D:3      | Reached XP level 4. HP: 5/29 MP: 4/4
  1227 | D:3      | Reached XP level 5. HP: 34/34 MP: 5/5
  1379 | D:2      | Noticed Jessica
  1383 | D:2      | Killed Jessica
  1667 | D:2      | Found a faded altar of an unknown god.
  2467 | D:4      | Reached skill level 5 in Maces & Flails
  2530 | D:4      | Noticed a phantom
  2553 | D:4      | Killed a phantom
  2554 | D:4      | Reached skill level 5 in Fighting
  2554 | D:4      | Reached XP level 6. HP: 31/40 MP: 6/6
  2961 | D:4      | HP: 2/40 [something/magic dart (5)]
  3625 | D:5      | Entered Level 5 of the Dungeon
  3625 | D:5      | Noticed a water moccasin
  3636 | D:5      | Killed a water moccasin
  3637 | D:5      | Reached XP level 7. HP: 30/44 MP: 7/7
  3924 | D:5      | Found a sand-covered staircase.
  3933 | Ossuary  | Entered an ossuary
  3971 | Ossuary  | Reached skill level 5 in Armour
  4010 | Ossuary  | Reached XP level 8. HP: 52/52 MP: 8/8
  4691 | D:5      | Found Sudody's Book Boutique.
  5322 | D:6      | Reached XP level 9. HP: 48/59 MP: 9/9
  5773 | D:6      | Found an ancient bone altar of Kikubaaqudgha.
  6058 | D:6      | Found a staircase to the Ecumenical Temple.
  6251 | Temple   | Entered the Ecumenical Temple
  6282 | Temple   | Became a worshipper of Warmaster Okawaru
  6509 | D:7      | Noticed Joseph
  6539 | D:7      | Killed Joseph
  6592 | D:7      | Found a flagged portal.
  6620 | D:7      | Reached skill level 10 in Armour
  6756 | Bailey   | Entered a bailey
  6864 | Bailey   | Noticed a gargoyle
  6883 | Bailey   | Killed a gargoyle
  6883 | Bailey   | Reached * piety under Okawaru
  7233 | Bailey   | Reached XP level 10. HP: 64/66 MP: 10/10
  7291 | Bailey   | Gained mutation: You occasionally shout uncontrollably at
                  | your foes. [potion of mutation]
  7291 | Bailey   | Gained mutation: You expend magic power (3 MP) to
                  | strengthen your wands. [potion of mutation]
  7705 | Bailey   | Identified the +0 robe of Abstinence {rElec rCorr Str+6
                  | Int+2}
  7754 | Bailey   | Identified the +4 scale mail "Opnalau" {rElec rCorr Str+4
                  | Dex+3}
  7798 | Bailey   | Reached skill level 5 in Shields
  8146 | D:7      | Identified the +0 pair of gloves of Leaves {rC+}
  8727 | D:7      | Reached skill level 10 in Fighting
  9086 | D:1      | Bought a scroll labelled IBONOQENKO for 18 gold pieces
  9086 | D:1      | Bought a pair of glowing boots for 135 gold pieces
  9086 | D:1      | Bought 2 brown potions for 32 gold pieces
  9086 | D:1      | Bought a crooked silver wand for 72 gold pieces
  9316 | D:8      | Noticed Psyche
  9358 | D:9      | Noticed a two-headed ogre
  9366 | D:9      | HP: 3/68 [wight/+0 long sword (8)]
  9369 | D:9      | Slain by a wight

Illustrated notes

Levels and vault maps discovered:
D:1:      erik_arrival_triangle_small, layout_rooms, serial_shops,
          nicolae_shop_tiny_glass, due_unseen_surprise
D:2:      layout_basic, shapermc_ecumenical_altar_pompeii,
          dreamdust_princess_bridge, uniq_jessica
D:3:      layout_basic, mainiacjoe_overflow_catwalk_spiral,
          grunt_decor_mini_mirrors, minmay_joined_circles
D:4:      layout_basic
D:5:      layout_cave_pools, serial_shops, shop,
          mainiacjoe_ossuary_entry_dusty_tomb, minmay_misc_feat_tiny,
          hangedman_abyss_or_decor_stabs, nrook_mini_vaults
D:6:      layout_loops_cross, regret_index_kikubaaqudgha_part_by_part,
          lemuel_temple_firewalk_b, st_stairs_14, serial_library_hellmonk_room_c
D:7:      layout_loops_cross, enter_bailey_6, uniq_joseph
D:8:      layout_basic, serial_shops, nicolae_shop_rolling_square,
          nicolae_concentric_dashed_squares_wild,
          amcnicky_mini_rare_corridor_liquid, minmay_sticks_and_stones,
          uniq_psyche
D:9:      layout_roguey, due_lair_maze_entry_diamond
Temple:   minmay_crystal_spiral_temple

Skill      XL: |  1  2  3  4  5  6  7  8  9 10 |
---------------+-------------------------------+-----
Maces & Flails | 3 4 5 6 |  6.1
Fighting       | 4 5 6 7 9 10 | 10.0
Armour         | 5 8 10 | 10.6
Shields        | 4 6 |  6.5

Action                     |  1- 3 |  4- 6 |  7- 9 | 10-12 || total
---------------------------+-------+-------+-------+-------++-------
  Melee: Flail             |   107 |   206 |   550 |   207 ||  1070
         Unarmed           |       |       |       |     2 ||     2
    Use: Scroll            |       |     5 |     4 |     5 ||    14
         Potion            |       |     1 |     3 |    12 ||    16
 Armour: Scale mail        |    89 |   214 |       |   124 ||   427
         Ring mail         |       |    11 |   506 |     9 ||   526
         Skin              |       |     1 |     4 |    61 ||    66
         Plate armour      |       |       |       |    62 ||    62
  Dodge: Dodged            |    44 |    95 |   346 |   100 ||   585
  Block: Buckler           |    13 |    37 |   151 |    62 ||   263

Table legend: (Time is in decaauts)
 A = Elapsed time spent in this place.
 B = Non-inter-level travel time spent in this place.
 C = Inter-level travel time spent in this place.
 D = Time resting spent in this place.
 E = Time spent auto-exploring this place.
 F = Levels seen in this place.
 G = Mean time per level.
                   A        B        C        D        E       F      G
               +--------+--------+--------+--------+--------+-----+--------+
         Total |   9505 |   8800 |    705 |   2097 |   4698 |  12 |  792.1 |
       Dungeon |   7460 |   6817 |    643 |   1043 |   4355 |   9 |  828.9 |
        Temple |     62 |      1 |     61 |      0 |      0 |   1 |   62.0 |
       Ossuary |    723 |    723 |      0 |    359 |    104 |   1 |  723.0 |
        Bailey |   1258 |   1258 |      0 |    695 |    239 |   1 | 1258.0 |
               +--------+--------+--------+--------+--------+-----+--------+

Top non-repeatable levels by time:
     D:4: 1454 daAuts
  Bailey: 1258 daAuts
     D:7: 1245 daAuts
     D:6: 1224 daAuts
     D:3: 1020 daAuts
     D:5: 960 daAuts
     D:1: 749 daAuts
 Ossuary: 723 daAuts
     D:2: 666 daAuts
     D:8: 130 daAuts
  Temple: 62 daAuts
     D:9: 9 daAuts
